 Dungeon Crawl Stone Soup version 0.30.1-4-g462c640d31 (webtiles) character file.

Game seed: 2594171499564559505

1645 lonewolfV2 the Chopper (level 8, -4/57 (64) HPs)
             Began as a Demonspawn Berserker on Aug 28, 2023.
             Was a Priest of Trog.
             Slain by a wight
             ... wielding a +4 halberd of freezing
              (16 damage)
             ... on level 6 of the Dungeon.
             The game lasted 00:08:04 (4850 turns).

lonewolfV2 the Chopper (Demonspawn Berserker)       Turns: 4850, Time: 00:08:04

HP:   -4/57 (64)    AC: 17    Str: 20    XL:     8   Next: 67%
MP:   8/8           EV: 11    Int:  8    God:    Trog [***...]
Gold: 337           SH:  0    Dex: 13    Spells: 7/7 levels left

rFire   . . .        v - +0 hand axe (elec)
rCold   + + +        (no shield)
rNeg    . . .        g - +7 Kryia's mail coat {PotionHeal*2 rC+}
rPois   +            (no helmet)
rElec   .            (no cloak)
rCorr   +            (gloves unavailable)
SInv    .            l - +2 pair of boots
Will    +....        s - amulet of Kurch {Faith rF+ rC+ Will+ rCorr} Stlth
                     d - ring of poison resistance
HPRegen 0.29/turn    h - ring of ice
MPRegen 0.11/turn

%: faith
@: heavily drained
A: claws 3, demonic guardian 1
a: Renounce Religion, Berserk, Trog's Hand


You were on level 6 of the Dungeon.
You worshipped Trog.
Trog was most pleased with you.
You visited 1 branch of the dungeon, and saw 6 of its levels.

You collected 337 gold pieces.

Inventory:

Hand Weapons
 a - a +0 hand axe
 v - a +0 hand axe of electrocution (weapon)
Missiles
 p - 2 throwing nets (quivered)
Armour
 b - a +0 animal skin
 g - the +7 Kryia's mail coat (worn) {PotionHeal*2 rC+}
   (You found it on level 4 of the Dungeon)

   PotionHeal*2: Potions heal its wearer twice as much.
   rC:        It protects you from cold.
 l - a +2 pair of boots (worn)
 m - the +3 scale mail "Nuyqil" {Will+ Str+3}
   (You found it on level 3 of the Dungeon)

   Str:       It affects your strength (+3).
   Will:      It increases your willpower.
Jewellery
 d - a ring of poison resistance (left claw)
 h - a ring of ice (right claw)
 o - an amulet of magic regeneration
 q - a ring of ice
 r - a ring of magical power
 s - the amulet of Kurch (around neck) {Faith rF+ rC+ Will+ rCorr}
   (You found it on level 4 of the Dungeon)

   [amulet of faith]

   It allows you to gain divine favour quickly.
   rF:        It protects you from fire.
   rC:        It protects you from cold.
   rCorr:     It protects you from acid and corrosion.
   Will:      It increases your willpower.
Scrolls
 c - 2 scrolls of noise
 n - a scroll of blinking
Potions
 e - a potion of invisibility
 f - a potion of flight {unknown}
 i - a potion of heal wounds
 j - 2 potions of mutation
 k - 4 potions of curing
 t - 2 potions of berserk rage
 u - 2 potions of resistance


   Skills:
 + Level 6.0 Fighting
 + Level 7.4 Axes
 + Level 4.5 Armour
 + Level 3.9 Dodging
 + Level 0.7 Stealth


You had 7 spell levels left.
You didn't know any spells.
Your spell library was empty.

Dungeon Overview and Level Annotations

Branches:
Dungeon (6/15)             Temple (0/1) D:4

Altars:
Ashenzari
Dithmenos
Fedhas
Gozag
Hepliaklqana
Trog
Xom

Shops:
D:5 (


Innate Abilities, Weirdness & Mutations

You have claws for hands.
A weak demonic guardian rushes to your aid.


Message History

The wight hits you from afar with a +4 halberd of freezing!
A demonic guardian appears!
You feel drained.
* * * LOW HITPOINT WARNING * * *
Unknown command.
Found a stone staircase leading up.
The wight hits you with a +4 halberd of freezing.
* * * LOW HITPOINT WARNING * * *
Things that are here:
a +4 great sword; a +0 robe You hit the wight but do no damage.
The wight hits you but does no damage.
You hit the wight.
The wight is lightly damaged.
You hit the wight but do no damage.
The wight is lightly damaged.
The wight closely misses you.
You completely miss the wight.
The wight is lightly damaged.
The wight misses you.
Your shadow imp closely misses the wight.
You hit the wight.
The wight is moderately damaged.
The wight hits you but does no damage.
Your shadow imp hits the wight but does no damage.
You closely miss the wight. Your claw misses the wight.
The wight is moderately damaged.
The wight hits you with a +4 halberd of freezing.
* * * LOW HITPOINT WARNING * * *
You feel drained.
Your shadow imp closely misses the wight.
You barely miss the wight.
The wight is moderately damaged.
The wight hits you with a +4 halberd of freezing.
* * * LOW HITPOINT WARNING * * *
You feel drained.
* * * LOW HITPOINT WARNING * * *
Your shadow imp barely misses the wight.
You hit the wight.
The wight is moderately damaged.
The wight hits you with a +4 halberd of freezing!
You die...

#..##.....####..##
#.###.....# #..#
#..##....## #?##
#..#.....## #.#
#....###..## #..
#...## ##..# ##.
##.## ##.# #. ###
#.## . #.@# #.
##5z.# ####....
...# ..# .. <


You could see a wight (ally target) and a friendly shadow imp (summoned).

Vanquished Creatures
  Sigmund (D:4)
  A steam dragon (D:5)
  A water moccasin (D:5)
  A black bear (D:4)
  A sky beast (D:6)
  An ogre (D:5)
  2 phantoms (D:5)
  3 scorpions
  2 wights (D:6)
  A howler monkey (D:6)
  A hound (D:5)
  Crazy Yiuf (D:4)
  A gnoll bouda (D:5)
  A jelly (D:6)
  An iguana (D:6)
  Jessica (D:2)
  4 orc wizards
  6 adders
  7 gnolls
  A shadow imp (D:6)
  A worm (D:3)
  A dart slug (D:3)
  21 orcs
  4 endoplasms
  6 giant cockroaches
  7 goblins
  4 hobgoblins
  2 jackals (D:4)
  A quokka (D:1)
  10 ball pythons
  3 bats
  4 frilled lizards
  3 kobolds
  4 rats
109 creatures vanquished.

Vanquished Creatures (others)
  Terence (D:3)
  A kobold (D:3)
2 creatures vanquished.

Grand Total: 111 creatures vanquished

Notes
Turn   | Place    | Note
-------+----------+-------------------------------------------
     0 | D:1      | lonewolfV2 the Demonspawn Berserker began the quest for the
                  | Orb.
     0 | D:1      | Reached XP level 1. HP: 18/18 MP: 1/1
   276 | D:1      | Gained mutation: You have sharp fingernails. [demonic
                  | ancestry]
   276 | D:1      | Reached XP level 2. HP: 24/24 MP: 2/2
   383 | D:1      | Found a faded altar of an unknown god.
   415 | D:1      | Reached skill level 3 in Axes
  1029 | D:2      | Reached XP level 3. HP: 17/29 MP: 3/3
  1196 | D:2      | Noticed Jessica
  1204 | D:2      | Killed Jessica
  1296 | D:2      | Gained mutation: You have very sharp fingernails. [demonic
                  | ancestry]
  1296 | D:2      | Reached XP level 4. HP: 35/37 MP: 4/4
  1597 | D:3      | Found a broken altar of Ashenzari.
  1690 | D:3      | Identified the +3 scale mail "Nuyqil" {Will+ Str+3}
  1743 | D:3      | Reached ** piety under Trog
  1770 | D:3      | Noticed Terence
  1776 | D:3      | Killed Terence
  1990 | D:3      | Reached skill level 4 in Axes
  1990 | D:3      | Reached XP level 5. HP: 42/42 MP: 5/5
  2314 | D:4      | Found a blossoming altar of Fedhas.
  2449 | D:4      | Found a staircase to the Ecumenical Temple.
  2451 | D:4      | Noticed a black bear
  2457 | D:4      | Noticed Sigmund
  2460 | D:4      | Killed a black bear
  2461 | D:4      | Gained mutation: You have claws for hands. [demonic
                  | ancestry]
  2461 | D:4      | Reached XP level 6. HP: 49/49 MP: 6/6
  2486 | D:4      | Killed Sigmund
  2487 | D:4      | Reached skill level 5 in Axes
  2487 | D:4      | Found the +7 Kryia's mail coat {PotionHeal*2 rC+}
  2618 | D:4      | Found a runed translucent door.
  2619 | D:4      | Noticed Crazy Yiuf
  2804 | D:4      | Found an opulent altar of Gozag.
  2811 | D:4      | Identified the amulet of Kurch {Faith rF+ rC+ Will+ rCorr}
  2932 | D:4      | Killed Crazy Yiuf
  2933 | D:4      | Reached XP level 7. HP: 55/55 MP: 7/7
  2966 | D:5      | Entered Level 5 of the Dungeon
  2971 | D:5      | Found Ziogaem's Weapon Boutique.
  3009 | D:5      | Noticed a steam dragon
  3067 | D:5      | HP: 2/55 [steam dragon (1)]
  3069 | D:5      | Killed a steam dragon
  3070 | D:5      | Reached skill level 5 in Fighting
  3275 | D:5      | Reached skill level 6 in Axes
  3437 | D:5      | Gained mutation: A weak demonic guardian rushes to your
                  | aid. [demonic ancestry]
  3437 | D:5      | Reached XP level 8. HP: 36/62 MP: 8/8
  4038 | D:5      | Found a hazy altar of Hepliaklqana.
  4038 | D:5      | Found a shadowy altar of Dithmenos.
  4136 | D:5      | Found a shimmering altar of Xom.
  4309 | D:6      | Reached skill level 7 in Axes
  4323 | D:6      | Reached *** piety under Trog
  4744 | D:6      | Found a bloodstained altar of Trog.
  4850 | D:6      | Slain by a wight

Illustrated notes

Levels and vault maps discovered:
D:1:      heliophobic_arrival_glass_houses, layout_basic,
          shapermc_ecumenical_altar_mp_urbaneastern
D:2:      layout_loops_ring, uniq_jessica
D:3:      layout_rooms, nicolae_ashenzari_skybound, st_stairs_13,
          serial_bayou_pond_b, uniq_terence
D:4:      layout_rooms, lemuel_round_altar, amcnicky_altar_gilded,
          minmay_temple_entry_waves, uniq_crazy_yiuf_cottage, uniq_sigmund
D:5:      layout_basic, riverfiend_overflow_shadow_ancestor, lemuel_tele_altar,
          serial_shops, nicolae_shop_trees, grunt_ministairs_9
D:6:      layout_layer_cave, kennysheep_little_box

Skill      XL: |  1  2  3  4  5  6  7  8 |
---------------+-------------------------+-----
Axes           | 3 4 5 6 7 |  7.4
Armour         | 2 3 4 |  4.5
Dodging        | 2 3 |  3.9
Fighting       | 4 5 6 |  6.0
Stealth        | |  0.7

Action                     |  1- 3 |  4- 6 |  7- 9 || total
---------------------------+-------+-------+-------++-------
  Melee: Hand axe          |    63 |   150 |   294 ||   507
         Punch             |     1 |     1 |     5 ||     7
 Invoke: Trog's Hand       |       |     3 |     3 ||     6
         Berserk           |       |     2 |     1 ||     3
    Use: Scroll            |       |    11 |     3 ||    14
         Potion            |       |       |     2 ||     2
 Armour: Animal skin       |     6 |    11 |       ||    17
         Scale mail        |       |    82 |   219 ||   301
  Dodge: Dodged            |    46 |   100 |   171 ||   317
